 Dungeon Crawl Stone Soup version 0.31-a0-1074-g0b22e4e0f1 (webtiles) character file.

Game seed: 16748921399764191954

186 Drazool the Ducker (level 5, 0/34 HPs)
             Began as an Octopode Shapeshifter on Nov 27, 2023.
             Splashed by a jelly's acid (7 damage)
             ... in a sewer.
             The game lasted 00:07:22 (2208 turns).

Drazool the Ducker (Octopode Shapeshifter)          Turns: 2208, Time: 00:07:23

Health: 0/34       AC: -11   Str: 16    XL:     5   Next: 66%
Magic:  5/5        EV: 14    Int: 12    God:
Gold:   156        SH:  0    Dex: 11    Spells: 4/4 levels left

rFire   . .          .
                       - Unarmed
rCold   . . .        (no shield)
rNeg    . . .        (helmet currently unavailable)
rPois   .            (no amulet)
rElec   .            (no ring)
rCorr   .            (no ring)
SInv    .            (no ring)
Will    .....        (no ring)
Stlth   ++           (no ring)
HPRegen 0.25/turn    (no ring)
MPRegen 0.09/turn    (no ring)
                     (no ring)

%: no passive effects
@: beast-form, corroded
A: beast (slay +2), almost no armour, amphibious, 8 rings, camouflage 1,
gelatinous body 1, (nimble swimmer 1), tentacles
a: Begin Untransformation


You were in a sewer.
You were a hulking beast.
You visited 1 branch of the dungeon, and saw 3 of its levels.
You also visited: Sewer.

You collected 156 gold pieces.


Innate Abilities, Weirdness & Mutations

You are a hulking beast.
Your limbs bulge with bestial killing power. (Slay +2)
You cannot wear most types of armour.
You are amphibious.
You can wear up to eight rings at the same time.
Your skin changes colour to match your surroundings (Stealth+).
Your rubbery body absorbs attacks. (AC +1, EV +1)
((You are camouflaged when in or above water. (Stealth+)))
You have tentacles for arms and can constrict up to eight enemies at once.


   Skills:
 - Level 1.7 Fighting
 + Level 4.5 Dodging
 - Level 3.6 Unarmed Combat
 - Level 3.5 Shapeshifting


You had 4 spell levels left.
You didn't know any spells.
Your spell library contained the following spells:

 Spells                   Type           Power      Damage    Failure   Level
 Sublimation of Blood     Necr           0%         N/A       45%         2
 Wereblood                Tmut           0%         N/A       45%         2
 Summon Hydra             Summ           0%         N/A       100%        7

Inventory:

Hand Weapons
 d - a +0 dagger
Missiles
 f - 6 javelins
Talismans
 b - a beast talisman (active)
 c - a flux talisman
Scrolls
 e - a scroll of teleportation {@r2}
 g - a scroll of blinking {unknown}
 i - a scroll of enchant weapon {unknown}
 j - a scroll of fear {unknown}
 l - a scroll of identify {unknown}
Potions
 a - a potion of lignification
 h - a potion of enlightenment {unknown}
 k - a potion of invisibility {unknown}
 m - a potion of heal wounds {unknown}
 n - 2 potions of mutation {unknown}
 o - a potion of haste {unknown}

Dungeon Overview and Level Annotations

Branches:
Dungeon (3/15)              Sewer (1/1)

Altars:
Gozag

Shops:
D:1 (:=(:

▒.~▒ ▒..▒ ▒.~▒ ▒..▒ ▒..▒
▒..▒ ▒..▒▒▒▒..▒ ▒..▒
▒~.~.....▒ ▒~.▒
▒...~†...▒ ▒..▒
▒▒▒▒▒▒▒▒▒▒ ▒.~▒ ▒▒▒▒▒
▒▒.÷▒ ▒▒~..▒▒ ▒.~~▒
▒~~..h▒ ▒▒~†▒▒
▒~~▒..J▒▒▒▒~~.▒
▒▒▒▒..▒▒.[▒▒~....▒
▒▒..~~†~▒▒▒▒~†...▒▒
▒▒▒▒.~..~†.~▒▒.~..▒▒▒▒
▒▒..~~~.▒▒▒~~~.÷~.▒▒..▒
▒.....~▒▒.▒▒~÷~~.▒▒~~)▒
..~.▒▒..▒..~▒▒~..~▒..~▒▒
J...
▒~.▒▒~.~....~▒▒...▒▒


You could see a jelly.


Message History

You see here a +0 mace.
o - a red potion You enter the shallow water.
You enter the shallow water.
You enter the shallow water.
You enter the shallow water.
You enter the shallow water.
A jelly comes into view.
Found a leather armour.
The helpless jelly fails to defend itself.
You bludgeon the jelly! The acid corrodes you!
Your tentacles burn!
The jelly is moderately wounded.
The jelly closely misses you.
You tentacle-slap the jelly.
Your tentacles burn!
The jelly is severely wounded.
The jelly hits you. The acid corrodes you!
You are splashed with acid!
* * * LOW HITPOINT WARNING * * *
You tentacle-slap the jelly but do no damage.
Your tentacles burn!
* * * LOW HITPOINT WARNING * * *
The jelly is severely wounded.
The jelly closely misses you.
You tentacle-slap the jelly.
Your tentacles burn!
* * * LOW HITPOINT WARNING * * *
You squeeze the jelly, but do no damage.
The jelly is severely wounded.
The jelly hits you.
* * * LOW HITPOINT WARNING * * *
The acid corrodes you!
You are splashed with acid!
You die...

Skill      XL: |  1  2  3  4  5 |
---------------+----------------+-----
Dodging        | 3 4 |  4.5
Fighting       | |  1.7
Unarmed Combat | |  3.6
Shapeshifting  | |  3.5

Action                     |  1- 3 |  4- 6 || total
---------------------------+-------+-------++-------
  Melee: Unarmed           |    67 |    68 ||   135
         Constrict         |    18 |    16 ||    34
         Tentacles         |    11 |    15 ||    26
         Punch             |     1 |     1 ||     2
  Throw: Stone             |    11 |    12 ||    23
         Javelin           |     1 |       ||     1
    Use: Scroll            |       |     1 ||     1
   Stab: Sleeping          |     3 |     1 ||     4
 Armour: Skin              |    26 |    21 ||    47
  Dodge: Dodged            |    33 |    48 ||    81
   Form: Beast             |     1 |       ||     1

Levels and vault maps discovered:
D:1:      tarquinn_simple_flora_water_e, layout_basic, serial_shops, shop, shop,
          shop, shop, shop
D:2:      layout_basic, hellmonk_ecumenical_altar_dog_temple, basic_altar,
          kennysheep_generic_room_7
D:3:      layout_basic, chequers_temple_overflow_statue_of_worship,
          gup_sewer_entry_glass, ebering_ghost_sewer_d
Sewer:    sewer_hellmonk_slimy_pipes

Notes
Turn   | Place    | Note
-------+----------+-------------------------------------------
     0 | D:1      | Drazool the Octopode Shapeshifter began the quest for the
                  | Orb.
     0 | D:1      | Reached XP level 1. HP: 13/13 MP: 1/1
     9 | D:1      | Found Wogulepi's Antique Weapon Emporium.
   144 | D:1      | Reached XP level 2. HP: 15/18 MP: 2/2
   263 | D:1      | Found Micin's Book Emporium.
   264 | D:1      | Found Soguet's Weapon Shoppe.
   302 | D:1      | Found Cirrouk's Jewellery Shoppe.
   489 | D:1      | Found Ziomnor's Book Boutique.
   975 | D:2      | Reached XP level 3. HP: 23/23 MP: 3/3
   997 | D:2      | Found a faded altar of an unknown god.
  1355 | D:2      | Found an opulent altar of Gozag.
  1695 | D:3      | Found a glowing drain.
  1737 | D:2      | Reached XP level 4. HP: 19/29 MP: 4/4
  1811 | Sewer    | Entered a sewer
  1837 | Sewer    | Reached skill level 3 in Dodging
  1965 | Sewer    | Reached XP level 5. HP: 31/34 MP: 5/5
  2072 | Sewer    | Reached skill level 4 in Dodging
  2208 | Sewer    | Splashed by a jelly's acid

Vanquished Creatures
  A jelly (Sewer)
  5 adders
  3 river rats (Sewer)
  A worm (D:2)
  3 bats (D:1)
  9 endoplasms
  8 giant cockroaches
  6 goblins
  4 hobgoblins
  8 jackals
  3 kobolds
  A quokka (D:1)
  7 ball pythons
  7 frilled lizards
  11 rats
77 creatures vanquished.

Table legend: (Time is in decaauts)
 A = Elapsed time spent in this place.
 B = Non-inter-level travel time spent in this place.
 C = Inter-level travel time spent in this place.
 D = Time resting spent in this place.
 E = Time spent auto-exploring this place.
 F = Levels seen in this place.
 G = Mean time per level.
                   A        B        C        D        E       F      G
               +--------+--------+--------+--------+--------+-----+--------+
         Total |   2202 |   2104 |     98 |     61 |   1515 |   4 |  550.5 |
       Dungeon |   1808 |   1710 |     98 |     61 |   1314 |   3 |  602.7 |
         Sewer |    394 |    394 |      0 |      0 |    201 |   1 |  394.0 |
               +--------+--------+--------+--------+--------+-----+--------+

Top non-repeatable levels by time:
     D:1: 922 daAuts
     D:2: 818 daAuts
   Sewer: 394 daAuts
     D:3: 68 daAuts

Table legend:
 A = Non-vault XP
 B = Vault XP
 C = Vault XP percentage of total XP
 D = Non-vault monster count
 E = Vault monster count
 F = Vault count percentage of total count
                 A         B        C        D         E       F
            +---------+---------+-------+---------+---------+-------
      Total |      52 |     215 |  80.5 |      29 |      48 |  62.3
            +---------+---------+-------+---------+---------+-------
        D:1 |      29 |       0 |   0.0 |      17 |       0 |   0.0
        D:2 |      21 |      42 |  66.7 |      11 |      10 |  47.6
        D:3 |       2 |      17 |  89.5 |       1 |       3 |  75.0
      Sewer |       0 |     156 | 100.0 |       0 |      35 | 100.0
            +---------+---------+-------+---------+---------+-------
